Map: Ulrena

Players

bnetanel

  • Race: Terran Terran

Grumm - Winner!

  • Race: Protoss Protoss
  • League: Gold

VOD

Have the link to the VOD?

Description

Time

  • Played on: Jan. 27, 2016, 2:11 p.m.
  • Length: 9:12
Show
View Real Time Build Order
Export as new Build Order

bnetanel Terran 

Build Orders: Liberator Opening 

Get SALT Encoding   

  12  0:00  SCV  
  13  0:13  SCV  
  14  0:22  Supply Depot  
  14  0:25  SCV  
  15  0:30  Refinery  
  15  0:44  SCV  
  15  0:48  Barracks  
  16  0:54  Refinery  
  16  0:56  SCV  
  17  1:08  SCV  
  18  1:15  Barracks  
  18  1:23  SCV  
  19  1:35  SCV  
  20  1:42  Factory  
  20  1:46  Marine  
  21  1:52  SCV  
  22  2:05  Supply Depot  
  22  2:08  Marine  
  23  2:27  SCV  
  24  2:36  Factory Tech Lab  
  23  2:38  Starport, Marine x2  
  25  3:01  Siege Tank  
  28  3:07  Marine x2  
  30  3:13  Supply Depot  
  30  3:18  Liberator  
  30  3:33  Engineering Bay  
  30  3:40  Marine  
  33  4:00  Marine x2  
  30  4:18  Marine x2  
  15  4:36  Marine x2, Siege Tank  
  21  4:38  SCV  
  21  4:51  SCV  
  22  4:53  Marine  
  22  4:54  Marine  
  24  5:06  SCV  
  25  5:12  Missile Turret  
  25  5:17  Marine  
  26  5:25  SCV  
  27  5:37  SCV  
  28  5:49  SCV  
  29  6:00  Marine  
  29  6:01  Marine  
  31  6:16  SCV  
  32  6:18  Marine x2  
  24  6:34  Cyclone  
  24  6:36  Marine x2  
  24  6:39  SCV  
  30  6:44  Supply Depot  
  30  6:51  Mag-Field Accelerator  
  30  6:54  Marine, SCV  
  32  7:04  Marine  
  32  7:06  SCV  
  34  7:18  SCV  
  38  7:22  Cyclone  
  38  7:31  Marine x2  
  40  7:38  SCV  
  41  7:46  Barracks  
  41  7:49  Marine  
  42  7:54  Marine  
  43  8:00  Cyclone  
  46  8:06  Marine  
  47  8:20  Supply Depot  
  47  8:36  Marine  
Show
View Real Time Build Order
Export as new Build Order

Grumm Protoss - Winner!

Build Orders: Oracle Opening 

Get SALT Encoding   

  12  0:01  Probe (Chrono Boost)  
  13  0:15  Pylon  
  13  0:17  Probe (Chrono Boost)  
  15  0:28  Probe (Chrono Boost)  
  15  0:34  Gateway  
  15  0:39  Probe (Chrono Boost)  
  16  0:44  Assimilator  
  16  0:50  Probe (Chrono Boost)  
  17  1:01  Pylon, Probe (Chrono Boost)  
  18  1:12  Probe (Chrono Boost)  
  19  1:24  Cybernetics Core, Zealot  
  19  1:25  Probe (Chrono Boost)  
  22  1:39  Gateway  
  22  1:41  Probe (Chrono Boost)  
  23  1:51  Probe (Chrono Boost)  
  24  2:01  Assimilator, Adept (Chrono Boost)  
  26  2:02  Warp Gate  
  26  2:10  Pylon  
  26  2:25  Probe  
  27  2:42  Stargate  
  29  2:44  Adept (Chrono Boost)  
  29  2:48  Adept (Chrono Boost)  
  31  3:16  Nexus  
  31  3:17  Stalker (Chrono Boost)  
  31  3:19  Stalker (Chrono Boost)  
  35  3:24  Pylon  
  35  3:28  Oracle (Chrono Boost)  
  38  3:43  Pylon  
  38  3:47  Gateway  
  30  4:31  Probe x2  
  26  4:35  Stalker x2  
  31  4:39  Forge  
  31  4:41  Pylon  
  31  4:42  Mothership Core  
  31  4:43  Probe  
  34  4:50  Assimilator  
  34  4:55  Zealot  
  36  5:01  Zealot  
  36  5:10  Zealot  
  36  5:12  Probe, Protoss Ground Weapons Level 1  
  36  5:13  Probe  
  40  5:25  Probe  
  40  5:26  Void Ray (Chrono Boost)  
  45  5:36  Photon Cannon  
  45  5:38  Probe  
  45  5:42  Sentry  
  46  5:56  Zealot x2  
  40  6:09  Stalker  
  40  6:29  Stalker x2  
  40  6:31  Void Ray (Chrono Boost)  
  46  6:38  Probe  
  46  6:39  Probe  
  48  6:46  Pylon  
  48  6:48  Probe, Zealot  
  48  6:51  Probe  
  52  7:01  Twilight Council  
  52  7:02  Probe  
  52  7:03  Pylon  
  52  7:04  Probe  
  54  7:12  Zealot x3  
  60  7:16  Photon Cannon  
  60  7:20  Pylon  
  60  7:34  Probe  
  60  7:35  Probe  
  60  7:36  Stalker  
  60  7:37  Stalker x2  
  68  8:00  Adept x2  
  68  8:01  Adept  
  74  8:06  Probe  
  74  8:07  Probe  
  74  8:12  Robotics Facility  
  76  8:16  Assimilator  
  76  8:19  Probe  
  77  8:28  Stalker x2  
Tags
 
Add a new tag
Caveats
  • Supply blocks, unpowered buildings, or Contaminate may cause inaccurate times.
  • Supply counts are checked every 10 seconds.